 Dungeon Crawl Stone Soup version 0.25-a0-161-gb7fd73da8f (webtiles) character file.

Game seed: 14011096108926463978, levelgen mode: deterministic

5 MisterFreud the Magician (level 1, -1/9 HPs)
             Began as a Felid Wanderer on Nov 21, 2019.
             Slain by a jackal (2 damage)
             ... on level 1 of the Dungeon.
             The game lasted 00:00:29 (73 turns).

MisterFreud the Magician (Felid Wanderer)             Turns: 73, Time: 00:00:29

Health: -1/9       AC:  1    Str: 10    XL:     1   Next: 66%
Magic:  6/6        EV: 15    Int: 11    God:
Gold:   0          SH:  0    Dex: 15    Spells: 7/8 levels left
                                        Lives:  0   Deaths: 0

rFire    . . .     SeeInvis +   (weapon unavailable)
rCold    . . .     Gourm    .   (shield unavailable)
rNeg     . . .     Faith    .   (armour unavailable)
rPois    .         Spirit   .   (helmet unavailable)
rElec    .         Reflect  .   (cloak unavailable)
rCorr    .         Harm     .   (gloves unavailable)
MR       .....                  (boots unavailable)
Stlth    +++.......             (no amulet)
HPRegen  0.03/turn              (no ring)
MPRegen  0.10/turn              (no ring)

@: quick
A: very small, no armour, no weapons or thrown items, stealth, claws 1, fangs 3,
see invisible, carnivore, speed 1, shaggy fur 1, slow metabolism 1, sharp paws
a: no special abilities


You were on level 1 of the Dungeon.
You were not hungry.

You visited 1 branch of the dungeon, and saw 1 of its levels.

Inventory:

Scrolls
 a - a scroll of blinking
Comestibles
 c - a ration


   Skills:
 + Level 1.3 Fighting
 - Level 2.6 Stealth
 - Level 4.0 Spellcasting
   Level 3.0 Hexes
   Level 1.1 Transmutations
   Level 1.0 Earth Magic


You had 7 spell levels left.
You knew the following spells:

 Your Spells              Type           Power        Failure   Level  Hunger
a - Magic Dart            Conj           #...         24%         1    #......

Your spell library contained the following spells:

 Spells                   Type           Power        Failure   Level  Hunger
 Stone Arrow              Conj/Erth      #.....       50%         3    ###....


Dungeon Overview and Level Annotations

Branches:
Dungeon (1/15)

Altars:


Innate Abilities, Weirdness & Mutations

You cannot wear armour.
You are incapable of wielding weapons or throwing items.
Your paws allow you to move quietly. (Stealth)
You have sharp claws.
You have razor-sharp teeth.
You have supernaturally acute eyesight. (SInv)
You are carnivorous and can eat meat at any time.
You cover ground quickly.
You are covered in fur. (AC +1)
You have a slow metabolism.
Your sharp claws are effective at attacking unaware monsters.


Message History

The jackal bites you but does no damage.
You scratch the jackal.
You kill the jackal!
You barely miss the jackal. The jackal closely misses you. x2
You closely miss the jackal. The jackal closely misses you.
You barely miss the jackal. The jackal bites you. x2
You are too injured to fight recklessly!
You are too injured to fight recklessly!
You are too injured to fight recklessly!
You scratch the jackal but do no damage.
The jackal completely misses you.
You closely miss the jackal. The jackal barely misses you.
You closely miss the jackal. The jackal completely misses you.
The jackal barely misses you.
You scratch the jackal but do no damage.
The jackal barely misses you.
You closely miss the jackal. The jackal bites you.
* * * LOW HITPOINT WARNING * * *
The jackal bites you.
You die...

#################
######................
+...h@................
######................
#.........รท......
#..>.............
#................
###......#..#####
######.##.# #.##.##
##+##..####


You could see a jackal.

Vanquished Creatures
  A bat (D:1)
  2 jackals (D:1)
  A frilled lizard (D:1)
  A rat (D:1)
5 creatures vanquished.

Notes
Turn   | Place    | Note
-------+----------+-------------------------------------------
     0 | D:1      | MisterFreud the Felid Wanderer began the quest for the Orb.
     0 | D:1      | MisterFreud set off with the following items: a scroll of
                  | blinking, a ration; and the following spell memorised:
                  | Magic Dart; and the following spells available to memorise:
                  | Stone Arrow
     0 | D:1      | Reached XP level 1. HP: 7/7 MP: 6/6
    62 | D:1      | Reached skill level 1 in Fighting
    73 | D:1      | Slain by a jackal

Levels and vault maps discovered:
D:1:      tarquinn_simple_flora_water_d, layout_basic

Skill      XL: |  1 |
---------------+----+-----
Fighting       | 1 |  1.3
Stealth        | |  2.6
Spellcasting   | |  4.0
Hexes          | |  3.0
Transmutations | |  1.1
Earth Magic    | |  1.0

Action                   || total
-------------------------++-------
Melee: Unarmed           ||    19
 Stab: Sleeping          ||     2
  Eat: Chunk             ||     1
Armor: Skin              ||     1
Dodge: Dodged            ||    16

Table legend:
 A = Non-vault XP
 B = Vault XP
 C = Vault XP percentage of total XP
 D = Non-vault monster count
 E = Vault monster count
 F = Vault count percentage of total count
                 A         B        C        D         E       F
            +---------+---------+-------+---------+---------+-------
      Total |       8 |       0 |   0.0 |       5 |       0 |   0.0
            +---------+---------+-------+---------+---------+-------
        D:1 |       8 |       0 |   0.0 |       5 |       0 |   0.0
            +---------+---------+-------+---------+---------+-------
